 Dungeon Crawl Stone Soup version 0.23-a0-414-g0aa8dd0f38 (webtiles) character file.

16889 GordonOverkill the Cleaver (level 12, -6/77 HPs)
             Began as a Deep Elf Berserker on Nov 9, 2018.
             Was a Priest of Trog.
             Mangled by a death yak (18 damage)
             ... on level 2 of the Lair of Beasts.
             The game lasted 00:23:09 (13959 turns).

GordonOverkill the Cleaver (Deep Elf Berserker)    Turns: 13959, Time: 00:23:09

Health: -6/77      AC: 13    Str: 22    XL:     12   Next: 14%
Magic:  14/14      EV:  9    Int: 14    God:    Trog [***...]
Gold:   770        SH:  0    Dex:  9    Spells: 11/11 levels left

rFire    + + .     SeeInvis .   a - +5 hand axe of the Red Skies {chop, rF++ Dex-5}
rCold    . . .     Gourm    .   (no shield)
rNeg     . . .     Faith    .   B - +0 chain mail
rPois    .         Spirit   .   J - +2 hat
rElec    .         Reflect  +   y - +0 cloak
rCorr    .         Harm     .   l - +1 pair of gloves
MR       ++...                  (no boots)
Stlth    ..........             G - +5 amulet of reflection
HPRegen  0.22/turn              n - ring of protection from magic
MPRegen  0.14/turn              z - +4 ring of strength

@: confused, berserk cooldown, slowed, very slow
A: no striking features
a: Berserk, Trog's Hand, Renounce Religion


You were on level 2 of the Lair of Beasts.
You worshipped Trog.
Trog was most pleased with you.
You were near starving.

You visited 2 branches of the dungeon, and saw 12 of its levels.

You collected 770 gold pieces.

Inventory:

Hand Weapons
 a - the +5 hand axe of the Red Skies (weapon) {chop, rF++ Dex-5}
   (You found it on level 7 of the Dungeon)

   It inflicts extra damage upon your enemies.
   It affects your dexterity (-5).
   It greatly protects you from fire.
 b - a +3 flail of venom
 o - a +0 hand axe of venom
Missiles
 C - 2 tomahawks of returning (quivered)
 H - 2 throwing nets
Armour
 l - a +1 pair of gloves (worn)
 y - a +0 cloak (worn)
 B - a +0 chain mail (worn)
 J - a +2 hat (worn)
Jewellery
 n - a ring of protection from magic (left hand)
 z - a +4 ring of strength (right hand)
 G - a +5 amulet of reflection (around neck)
 P - an uncursed ring of protection from magic
 R - an uncursed ring of positive energy {unknown}
Wands
 i - a wand of paralysis (16)
 s - a wand of polymorph (11)
 D - a wand of enslavement (8)
 E - a wand of digging (9)
 F - a wand of random effects (55)
 K - a wand of acid (10)
 L - a wand of flame (28)
 T - a wand of scattershot (7)
Scrolls
 g - 5 scrolls of remove curse
 m - 4 scrolls of teleportation
 p - 2 scrolls of amnesia
 t - a scroll of magic mapping
 M - 2 scrolls of fog
 N - a scroll of enchant weapon
 O - 2 scrolls of noise {unknown}
 Q - a scroll of enchant armour
 S - a scroll of acquirement {unknown}
Potions
 d - 4 potions of mutation
 e - 3 potions of magic
 f - a potion of lignification
 h - 2 potions of cancellation {unknown}
 j - a potion of invisibility {unknown}
 k - 7 potions of curing {unknown}
 q - a potion of resistance
 r - 5 potions of haste {unknown}
 v - a potion of might
 w - 4 potions of flight {unknown}
 A - 2 potions of agility
 I - 2 potions of brilliance
Comestibles
 c - 20 rations


   Skills:
 + Level 10.1 Fighting
 * Level 13.4 Axes
 - Level 2.0 Armour
 - Level 3.0 Dodging


You had 11 spell levels left.
You didn't know any spells.
Your spell library was empty.

Dungeon Overview and Level Annotations

Branches:
Dungeon (10/15)            Temple (0/1) D:5            Lair (2/6) D:8
  Swamp: Lair:2-4    Shoals: Lair:2-4     Snake: Lair:2-4    Spider: Lair:2-4
    Orc: D:9-12

Altars:
Dithmenos
Fedhas
Gozag
Kikubaaqudgha
Nemelex Xobeh
Okawaru
Qazlal
Ru
Sif Muna
Trog
Wu Jian
Xom
The Shining One

Shops:
D:4 *   D:8 =


Message History

The yak is lightly wounded.
The death yak is severely wounded.
The death yak gores you!
* * * LOW HITPOINT WARNING * * *
The death yak gores you!
* * * LOW HITPOINT WARNING * * *
Okay, then.
You feel much better. The death yak gores you!
* * * LOW HITPOINT WARNING * * *
Evoke which item? (* to show all) (? for menu, Esc to quit)
Aiming: Paralyse
Press: ? - help, Shift-Dir - straight line, f/p - death yak
Aim: a death yak (heavily wounded, chance to defeat MR: 1%)
Okay, then.
Unknown command.
Okay, then.
Okay, then.
You are confused.
You feel invigorated. The death yak gores you!!
You die...

.....?.........# ##
..............######.##...P.
Y......(.>................P.
..........................#
.
.##......F...............#..
#.......#.##...............
##....#.###................
##....######...........#
#......# #@#Y........##
##...Y.# ##YY.####P...#####
#.Y..## #YY..# ##...#P.##
.###....F####....# #........
.......(P##.#P..## #........
...$...YF.......# #.......#
##P##.....F.Y...## #.....P..
## #............# #.....#..
##..........P####........


You could see 3 death yaks and a yak.

Vanquished Creatures
  A hydra (Lair:1)
  2 two-headed ogres
  3 death yaks (Lair:2)
  An unseen horror (D:10)
  Pikel (D:5)
  A black mamba (Lair:1)
  Maurice (D:8)
  3 spiny frogs
  A merfolk (D:9)
  A hornet (D:9)
  Grinder (D:6)
  12 blink frogs
  A slime creature (D:8)
  5 hippogriffs
  Sigmund (D:2)
  3 yaks (Lair:1)
  2 hungry ghosts
  2 water moccasins
  2 porcupines (Lair:1)
  2 orc warriors
  A sky beast (D:7)
  3 black bears
  2 ice beasts (D:9)
  8 centaurs
  4 necrophages (D:6)
  5 ogres
  A phantom (D:4)
  2 crocodiles
  2 big kobolds
  Blork the orc (D:6)
  3 bullfrogs
  A water moccasin zombie (D:8)
  2 scorpions
  9 killer bees
  3 wights (D:9)
  2 bullfrog zombies
  An electric eel (Lair:1)
  3 crimson imps
  3 hounds
  8 jellies
  A quasit (D:9)
  16 orc priests
  2 centaur skeletons
  14 orc wizards
  A bullfrog skeleton (D:10)
  Jessica (D:2)
  Natasha (thrice) (D:2)
  2 iguanas
  5 worker ants
  A hound zombie (D:6)
  2 worker ant zombies
  12 adders
  A howler monkey skeleton (D:4)
  2 shadow imps
  14 oozes
  2 worms (D:2)
  A dart slug (D:1)
  A leopard gecko (D:4)
  22 orcs
  9 bats
  A giant cockroach (D:7)
  10 goblins
  5 hobgoblins
  4 jackals (D:6)
  23 kobolds
  A ball python (D:3)
  2 frilled lizards
  3 goblin zombies (D:9)
  4 hobgoblin zombies (D:9)
  2 kobold skeletons (D:9)
  A kobold zombie (D:9)
  An orc skeleton (D:9)
  2 quokka zombies (D:8)
  9 rats
  A bush (D:6)
  3 plants (D:6)
294 creatures vanquished.

Vanquished Creatures (others)
  5 fungi (D:8)
  4 plants
9 creatures vanquished.

Grand Total: 303 creatures vanquished

Notes
Turn   | Place    | Note
-------+----------+-------------------------------------------
     0 | D:1      | GordonOverkill the Deep Elf Berserker began the quest for
                  | the Orb.
     0 | D:1      | Reached XP level 1. HP: 13/13 MP: 3/3
   669 | D:1      | Reached XP level 2. HP: 18/18 MP: 4/4
  1147 | D:1      | Reached XP level 3. HP: 22/22 MP: 5/5
  1471 | D:2      | Reached skill level 3 in Axes
  1510 | D:2      | Reached ** piety under Trog
  1754 | D:2      | Noticed Natasha
  1762 | D:2      | Killed Natasha
  1762 | D:2      | Reached XP level 4. HP: 13/27 MP: 6/6
  1968 | D:2      | Noticed Natasha
  1976 | D:2      | Killed Natasha
  2282 | D:2      | Noticed Jessica
  2287 | D:2      | Killed Jessica
  2287 | D:2      | Reached XP level 5. HP: 32/32 MP: 7/7
  2582 | D:2      | Noticed Sigmund
  2626 | D:2      | Killed Sigmund
  2626 | D:2      | Reached skill level 4 in Axes
  2626 | D:2      | Reached XP level 6. HP: 32/38 MP: 8/8
  2710 | D:2      | Noticed Natasha
  2718 | D:2      | Killed Natasha
  2914 | D:3      | Found an ornate altar of the Wu Jian Council.
  2941 | D:3      | Found an opulent altar of Gozag.
  3060 | D:3      | Found an ancient bone altar of Kikubaaqudgha.
  3266 | D:3      | Found a bloodstained altar of Trog.
  3267 | D:3      | Found an iron altar of Okawaru.
  3288 | D:3      | Found a sparkling altar of Nemelex Xobeh.
  3288 | D:3      | Found a sacrificial altar of Ru.
  3936 | D:4      | Reached skill level 5 in Axes
  4367 | D:4      | Reached XP level 7. HP: 43/43 MP: 9/9
  4577 | D:4      | Found a deep blue altar of Sif Muna.
  4677 | D:4      | Found Sofaithy's Serpentskin Sales.
  4989 | D:5      | Entered Level 5 of the Dungeon
  5103 | D:5      | Reached skill level 6 in Axes
  5185 | D:5      | Found a shimmering altar of Xom.
  5189 | D:5      | Found a staircase to the Ecumenical Temple.
  5488 | D:5      | Noticed Pikel
  5495 | D:5      | Reached *** piety under Trog
  5501 | D:5      | Killed Pikel
  5501 | D:5      | Reached skill level 5 in Fighting
  5501 | D:5      | Reached skill level 7 in Axes
  5501 | D:5      | Reached XP level 8. HP: 49/50 MP: 10/10
  6081 | D:6      | Found a stormy altar of Qazlal.
  6098 | D:6      | Noticed Blork the orc
  6104 | D:6      | Killed Blork the orc
  6192 | D:6      | Reached skill level 8 in Axes
  6382 | D:6      | Noticed Grinder
  6400 | D:6      | Killed Grinder
  6400 | D:6      | Reached XP level 9. HP: 47/55 MP: 11/11
  6616 | D:6      | Found a blossoming altar of Fedhas.
  7105 | D:7      | Reached skill level 9 in Axes
  7367 | D:7      | Got a shimmering hand axe
  7368 | D:7      | Identified the +5 hand axe of the Red Skies {chop, rF++
                  | Dex-5} (You found it on level 7 of the Dungeon)
  7811 | D:8      | Found Ypeuff's Jewellery Shop.
  8001 | D:8      | Reached **** piety under Trog
  8036 | D:8      | Paralysed by fainting for 7 turns
  8080 | D:8      | Reached skill level 10 in Axes
  8112 | D:8      | Reached XP level 10. HP: 34/61 MP: 12/12
  8302 | D:8      | Found a flagged portal.
  8383 | D:8      | Found a staircase to the Lair.
  8391 | D:8      | Found a stormy altar of Qazlal.
  8410 | D:8      | Found a shadowy altar of Dithmenos.
  8420 | D:8      | Noticed Maurice
  8431 | D:8      | Killed Maurice
  8858 | D:9      | Paralysed by a hornet for 3 turns
  9534 | D:9      | Reached skill level 11 in Axes
  9542 | D:9      | Found a shadowy altar of Dithmenos.
  9949 | D:9      | Noticed a two-headed ogre
  9961 | D:9      | Killed a two-headed ogre
 10277 | D:9      | Found a glowing golden altar of the Shining One.
 10579 | D:10     | Entered Level 10 of the Dungeon
 10662 | D:10     | Noticed a two-headed ogre
 10668 | D:10     | Killed a two-headed ogre
 10668 | D:10     | Reached XP level 11. HP: 67/67 MP: 13/13
 10957 | D:10     | Killed an unseen horror
 11229 | D:10     | Reached skill level 12 in Axes
 11893 | Lair:1   | Entered Level 1 of the Lair of Beasts
 12384 | Lair:1   | Noticed a four-headed hydra
 12394 | Lair:1   | Killed a four-headed hydra
 13251 | Lair:2   | Reached skill level 13 in Axes
 13897 | Lair:2   | Noticed a death yak
 13897 | Lair:2   | Noticed a death yak
 13897 | Lair:2   | Noticed a death yak
 13900 | Lair:2   | Noticed a death yak
 13900 | Lair:2   | Noticed a death yak
 13901 | Lair:2   | Noticed a death yak
 13929 | Lair:2   | Killed a death yak
 13929 | Lair:2   | Reached XP level 12. HP: 75/75 MP: 14/14
 13942 | Lair:2   | Killed a death yak
 13942 | Lair:2   | Reached skill level 10 in Fighting
 13948 | Lair:2   | Killed a death yak
 13957 | Lair:2   | HP: 2/77 [death yak (16)]
 13959 | Lair:2   | Mangled by a death yak

Vault maps used:
D:1:      kilobyte_arrival_exit_the_forest, minivault_5
D:2:      uniq_jessica, uniq_natasha, uniq_sigmund
D:3:      lemuel_round_altar, nicolae_overflow_crystal_walls,
          old_standard_altar, minitemple, kennysheep_big_empty_room
D:4:      lemuel_blue_sif_altar, serial_park_tiny_pond, guppyfry_shop_venom
D:5:      temple_statues, basic_altar, first_ration, uniq_pikel
D:6:      fedhas_altar_decomposition, grunt_qazlal_sundering,
          uniq_blork_the_orc, uniq_grinder
D:8:      lemuel_slime, grunt_temple_overflow_open, lair_entry_dummy,
          serial_shops, shop, enter_bailey_2, uniq_maurice
D:9:      nicolae_tso_besieged_by_evil, hangedman_fish_farm,
          lemuel_centaur_altar
D:10:     serial_co_window_serial, co_window_paths_b, co_window_paths_a,
          co_window_paths_a, co_window_of_opportunity_a, co_window_paths_b,
          co_window_of_opportunity_a, co_window_corner_a, co_window_paths_c,
          co_window_corner_b, co_window_of_opportunity_c, co_window_cross_4,
          co_window_sun, co_window_4corner_b, glass_columns_a, glass_columns_a,
          glass_columns_b, glass_columns_a
Lair:1:   infiniplex_staircase_pool
Lair:2:   dpeg_oklob_shooting_range

Skill      XL: |  1  2  3  4  5  6  7  8  9 10 11 12 |
---------------+-------------------------------------+-----
Axes           | 3 4 5 7 8 10 11 13 | 13.4
Armour         | 2 |  2.0
Dodging        | 3 |  3.0
Fighting       | 3 4 5 6 7 8 9 10 | 10.1

Action                   |  1- 3 |  4- 6 |  7- 9 | 10-12 || total
-------------------------+-------+-------+-------+-------++-------
Melee: Hand axe          |    47 |       |   126 |   483 ||   656
       War axe           |    36 |   116 |   260 |       ||   412
       Flail             |       |       |       |     9 ||     9
Invok: Berserk           |     4 |     6 |     8 |    13 ||    31
       Trog's Hand       |       |     2 |     7 |     6 ||    15
Evoke: Wand              |       |       |       |     1 ||     1
  Use: Scroll            |       |       |    18 |     4 ||    22
       Potion            |       |       |       |     3 ||     3
  Eat: Chunk             |     6 |    14 |    21 |    21 ||    62
       Ration            |       |       |     1 |     4 ||     5
Armor: Animal skin       |    10 |       |       |       ||    10
       Leather armour    |    14 |     2 |       |       ||    16
       Ring mail         |       |    31 |       |       ||    31
       Scale mail        |       |     4 |   111 |       ||   115
       Chain mail        |       |       |    19 |   191 ||   210
Dodge: Dodged            |    67 |    50 |   169 |   142 ||   428
Block: Other             |     4 |    20 |    72 |   101 ||   197
       Reflection        |       |       |     1 |     3 ||     4

Table legend:
 A = Non-vault XP
 B = Vault XP
 C = Vault XP percentage of total XP
 D = Non-vault monster count
 E = Vault monster count
 F = Vault count percentage of total count
                 A         B        C        D         E       F
            +---------+---------+-------+---------+---------+-------
      Total |   20385 |    3743 |  15.5 |     236 |      54 |  18.6
            +---------+---------+-------+---------+---------+-------
        D:1 |      43 |       0 |   0.0 |      25 |       0 |   0.0
        D:2 |     140 |     296 |  67.9 |      26 |       3 |  10.3
        D:3 |      21 |       0 |   0.0 |       7 |       0 |   0.0
        D:4 |     387 |      40 |   9.4 |      12 |       3 |  20.0
        D:5 |     548 |     629 |  53.4 |      13 |       1 |   7.1
        D:6 |     588 |     898 |  60.4 |      15 |       8 |  34.8
        D:7 |     836 |       0 |   0.0 |      18 |       0 |   0.0
        D:8 |    1253 |    1066 |  46.0 |      35 |      22 |  38.6
        D:9 |    3268 |     814 |  19.9 |      30 |      17 |  36.2
       D:10 |    2613 |       0 |   0.0 |      21 |       0 |   0.0
     Lair:1 |    6157 |       0 |   0.0 |      23 |       0 |   0.0
     Lair:2 |    4531 |       0 |   0.0 |      11 |       0 |   0.0
            +---------+---------+-------+---------+---------+-------
